 Dungeon Crawl Stone Soup version 0.28-a0-980-g3664467d6e (webtiles) character file.

Game seed: 10035964188218845194

226 GregHouse the Chopper (level 6, 0/55 HPs)
             Began as a Hill Orc Monk on Dec 2, 2021.
             Was a Believer of Beogh.
             Slain by a gnoll (5 damage)
             ... on level 4 of the Dungeon.
             The game lasted 00:19:08 (5858 turns).

GregHouse the Chopper (Hill Orc Monk)               Turns: 5858, Time: 00:19:08

Health: 0/55       AC:  9    Str: 16    XL:     6   Next: 1%
Magic:  6/6        EV: 10    Int: 10    God:    Beogh [**....]
Gold:   257        SH:  0    Dex: 13    Spells: 5/5 levels left

rFire   . . .      SeeInvis .   h - +3 quarterstaff (chaos)
rCold   . . .      Faith    .   (shield currently unavailable)
rNeg    . . .      Spirit   .   e - +0 scale mail
rPois   .          Reflect  .   (no helmet)
rElec   .          Harm     .   j - +0 cloak
rCorr   .          Rampage  .   t - +0 pair of gloves
Will    .....                   s - +0 pair of boots
Stlth   +.........              (no amulet)
HPRegen 0.18/turn               (no ring)
MPRegen 0.10/turn               (no ring)

@: no status effects
A: no striking features
a: Renounce Religion, Smiting


You were on level 4 of the Dungeon.
You worshipped Beogh.
Beogh was pleased with you.
You visited 1 branch of the dungeon, and saw 5 of its levels.

You collected 257 gold pieces.

Inventory:

Hand Weapons
 a - a +1 hand axe of freezing
 h - a +3 quarterstaff of chaos (weapon)
Missiles
 b - 172 stones (quivered)
 o - 20 bolts
 w - 2 javelins
Armour
 e - a +0 scale mail (worn)
 j - a +0 cloak (worn)
 s - a +0 pair of boots (worn)
 t - a +0 pair of gloves (worn)
Jewellery
 f - an amulet of faith
 m - a ring of magical power
 v - an amulet of the acrobat
Wands
 r - a wand of iceblast (7)
Scrolls
 g - 2 scrolls of teleportation
 i - 3 scrolls of enchant weapon
 l - a scroll of fog {unknown}
 p - a scroll of brand weapon
Potions
 c - 3 potions of attraction
 d - 6 potions of curing
 k - a potion of invisibility {unknown}
 n - a potion of flight {unknown}
 q - 2 potions of ambrosia
 u - a potion of heal wounds {unknown}


   Skills:
 + Level 4.9 Fighting
 + Level 6.3 Axes
 + Level 0.1 Staves
 + Level 2.4 Armour
 + Level 2.8 Dodging
 + Level 1.8 Stealth


You had 5 spell levels left.
You didn't know any spells.
Your spell library contained the following spells:

 Spells                   Type           Power      Damage    Failure   Level
 Slow                     Hex            0%         N/A       80%         1
 Confusing Touch          Hex            0%         N/A       99%         3
 Vampiric Draining        Necr           0%         2d6       99%         3


Dungeon Overview and Level Annotations

Branches:
Dungeon (5/15)
 Temple: D:4-7

Altars:

Shops:
D:1 :

Annotations:
D:3 exclusion: downstairs
D:4 Menkaure


Message History

There is a stone staircase leading down here.
You climb downwards.
The gnoll shouts! x3
Found a short sword and 14 gold pieces.
There is a stone staircase leading up here.
A gnoll shaman comes into view. It is wielding a +0 whip.
The gnoll shaman shouts!
The gnoll barely misses you.
A gnoll comes into view. It is wielding a +0 flail.
The gnoll throws a throwing net.
The throwing net hits you.
You become entangled in the net!
The gnoll shouts!
The gnoll hits you from afar with a +0 spear.
The gnoll hits you from afar with a +0 spear.
You tear a large gash into the net.
The gnoll hits you from afar with a +0 spear.
You struggle against the net.
The gnoll hits you with a +0 flail. The gnoll hits you but does no damage.
You rip the net and break free!
The gnoll barely misses you. The gnoll hits you with a +0 club.
The gnoll hits you with a +0 flail.
The gnoll hits you from afar with a +0 spear.
The gnoll hits you with a +0 flail. The gnoll hits you with a +0 club.
The gnoll closely misses you.
You climb upwards.
Level annotation: Menkaure
There is a stone staircase leading down here.
You barely miss the gnoll. The gnoll barely misses you.
The gnoll hits you but does no damage. The gnoll hits you with a +0 flail. x2
The gnoll hits you but does no damage.
You thump the gnoll!
The gnoll is severely wounded.
The gnoll hits you with a +0 flail. The gnoll hits you with a +0 flail!
* * * LOW HITPOINT WARNING * * *
The gnoll hits you but does no damage.
Your scale mail prevents you from hitting the gnoll.
The gnoll is severely wounded.
The gnoll hits you with a +0 flail!
* * * LOW HITPOINT WARNING * * *
The gnoll closely misses you. The gnoll hits you with a +0 club.
You die...

.....)...# *..##..** ***,,,
.........# *......* **,,,,,
...#.....#### *.....#****,,,,,,
............#####.....##*,,,,,,,,
.......#................,,,,,,,,,
#.....###...............,,,,,**,,
#....## ##..............,,,,*,,,,
##..## #.....gg.......,,,,,,,,,
...## ##.....@g......,,,....,.
...# *#...#...##........,...,.
#..# *#...##...#*#.......,...,.
#..## *#...###..## *#...,...,..,.
##..###...#* ##.# *#.,M.#..#.,.
#..##...#* #.#* ***,,.M..#g#.
#......#* #..****,,,,#.##..|.
##......# #..#,,,,,,**#M.#l.#
.......## *#...,,,,,,,**..##.#


You could see 3 gnolls.

Vanquished Creatures
  A hound (D:4)
  Crazy Yiuf (D:4)
  Ijyb (D:3)
  An iguana (D:3)
  3 gnolls (D:4)
  3 adders
  2 adder skeletons (D:4)
  3 worms
  A dart slug (D:3)
  An orc (D:2)
  4 ball pythons
  4 endoplasms
  6 giant cockroaches
  5 goblins
  3 hobgoblins
  3 jackals (D:1)
  4 kobolds
  A quokka (D:2)
  2 bats
  2 frilled lizards (D:2)
  5 rats
56 creatures vanquished.

Vanquished Creatures (others)
  A kobold (D:3)
  A bat (D:3)
2 creatures vanquished.

Grand Total: 58 creatures vanquished

Notes
Turn   | Place    | Note
-------+----------+-------------------------------------------
     0 | D:1      | GregHouse the Hill Orc Monk began the quest for the Orb.
     0 | D:1      | Reached XP level 1. HP: 19/19 MP: 1/1
   226 | D:1      | Reached XP level 2. HP: 23/27 MP: 2/2
   693 | D:1      | Found Rych's Book Shoppe.
  1108 | D:2      | Found a faded altar of an unknown god.
  1244 | D:2      | Reached XP level 3. HP: 28/33 MP: 3/3
  2247 | D:3      | Reached skill level 1 in Armour
  2892 | D:3      | Reached skill level 5 in Axes
  2892 | D:3      | Reached XP level 4. HP: 26/40 MP: 4/4
  3020 | D:3      | Became a worshipper of Beogh the Brigand
  3020 | D:3      | Reached * piety under Beogh
  3020 | D:3      | Reached ** piety under Beogh
  3285 | D:3      | Noticed Ijyb
  3309 | D:3      | Killed Ijyb
  4005 | D:4      | Noticed Menkaure
  4396 | D:4      | Reached XP level 5. HP: 36/47 MP: 5/5
  4742 | D:4      | Found a runed translucent door.
  4743 | D:4      | Noticed Crazy Yiuf
  4752 | D:4      | Killed Crazy Yiuf
  5758 | D:4      | Reached skill level 6 in Axes
  5758 | D:4      | Reached XP level 6. HP: 52/55 MP: 6/6
  5844 | D:5      | Entered Level 5 of the Dungeon
  5858 | D:4      | Slain by a gnoll

Illustrated notes

Levels and vault maps discovered:
D:1:      giann_wishing_wells, layout_loops_ring, serial_shops, shop,
          serial_bayou_pond_c
D:2:      layout_basic, basic_ecumenical_altar, feat_on_display
D:3:      layout_loops_corners, kennysheep_cluttered_room, uniq_ijyb
D:4:      layout_layer_cave, minivault_26, uniq_menkaure,
          uniq_crazy_yiuf_cottage
D:5:      layout_cave_pools, trog_wizard, mainiacjoe_overflow_tiny_flanked,
          chequers_serial_rivers_marsh

Skill      XL: |  1  2  3  4  5 |
---------------+----------------+-----
Fighting       | 4 |  4.9
Armour         | 1 2 |  2.4
Axes           | 5 6 |  6.3
Staves         | |  0.1
Dodging        | |  2.8
Stealth        | |  1.8

Action                   |  1- 3 |  4- 6 || total
-------------------------+-------+-------++-------
Melee: Hand axe          |   133 |    95 ||   228
       Quarterstaff      |       |    23 ||    23
Throw: Stone             |     2 |       ||     2
Invok: Convert to Beogh  |       |     1 ||     1
  Use: Scroll            |       |    11 ||    11
Armor: Scale mail        |    56 |    47 ||   103
Dodge: Dodged            |    56 |    36 ||    92

Table legend: (Time is in decaauts)
 A = Elapsed time spent in this place.
 B = Non-inter-level travel time spent in this place.
 C = Inter-level travel time spent in this place.
 D = Time resting spent in this place.
 E = Time spent auto-exploring this place.
 F = Levels seen in this place.
 G = Mean time per level.
                   A        B        C        D        E       F      G
               +--------+--------+--------+--------+--------+-----+--------+
         Total |   5890 |   5641 |    249 |   1543 |   2571 |   5 | 1178.0 |
       Dungeon |   5890 |   5641 |    249 |   1543 |   2571 |   5 | 1178.0 |
               +--------+--------+--------+--------+--------+-----+--------+

Top non-repeatable levels by time:
     D:3: 2205 daAuts
     D:4: 1464 daAuts
     D:2: 1174 daAuts
     D:1: 1036 daAuts
     D:5: 10 daAuts
